 Dungeon Crawl Stone Soup version 0.31-a0-703-gcfe89afef6 (webtiles) character file.

Game seed: 5017591152642433436

18221 bmack86 the Severer (level 12, -14/106 HPs)
             Began as a Minotaur Fighter on Sept 8, 2023.
             Was a High Priest of Okawaru.
             Demolished by a minotaur
             ... wielding the +11 war axe "Goblinbane" {flame, rC+ Str+3}
              (27 damage)
             ... in a Gauntlet.
             The game lasted 00:29:55 (9861 turns).

bmack86 the Severer (Minotaur Fighter)              Turns: 9861, Time: 00:29:56

Health: -14/106    AC: 24    Str: 30    XL:     12   Next: 25%
Magic:  0/17       EV: 10    Int: 11    God:    Okawaru [*****.]
Gold:   197        SH: 10    Dex: 13    Spells: 11/11 levels left

rFire   . . .        p - +1 broad axe of the Swamp {spect, Str+2 Int+3}
rCold   . . .        C - +3 warlock's mirror {omnireflect}
rNeg    . . .        A - +0 plate armour
rPois   +            o - +2 hat {Int+3}
rElec   +            E - +0 cloak {Will+}
rCorr   +            x - +0 pair of gloves {hurl}
SInv    .            s - +2 pair of boots
Will    ++...        d - amulet of Waqo {Spirit rPois Will+ Regen+ rCorr} Stlth
                     r - ring of flight
HPRegen 1.17/turn    b - ring "Heso" {rElec rPois Str+2 Dex+3}
MPRegen 0.15/turn

%: no teleportation, reflection, guardian spirit
@: heroic, flying
A: horns 2, retaliatory headbutt
a: Renounce Religion, Heroism, Finesse, Duel


You were in a Gauntlet.
You worshipped Okawaru.
Okawaru was extremely pleased with you.
You visited 2 branches of the dungeon, and saw 12 of its levels.
You also visited: Gauntlet.

You collected 1219 gold pieces.
You spent 1022 gold pieces at shops.

Inventory:

Hand Weapons
 a - a +1 war axe of draining
 h - a +1 war axe of flaming
 p - the +1 broad axe of the Swamp (weapon) {spect, Str+2 Int+3}
   (Okawaru gifted it to you in a Gauntlet)

   Str+2:     It affects your strength (+2).
   Int+3:     It affects your intelligence (+3).
Missiles
 q - 7 boomerangs
 u - 4 throwing nets
Armour
 m - a +2 hat
 o - a +2 hat of intelligence (worn)
 s - a +2 pair of boots (worn)
 x - a +0 pair of gloves of hurling (worn)
 A - a +0 plate armour (worn)
 C - the +3 warlock's mirror (worn) {omnireflect}
   (Okawaru gifted it to you on level 9 of the Dungeon)

   Omnireflect: It can block and reflect piercing ranged attacks and magical
   attacks against the wielder's willpower.
 E - a +0 cloak of willpower (worn)
Jewellery
 b - the ring "Heso" (right hand) {rElec rPois Str+2 Dex+3}
   (You bought it in a shop on level 10 of the Dungeon)

   [ring of poison resistance]

   Str+2:     It affects your strength (+2).
   Dex+3:     It affects your dexterity (+3).
   rElec:     It insulates you from electricity.
   rPois:     It protects you from poison
 d - the amulet of Waqo (around neck) {Spirit rPois Will+ Regen+ rCorr}
   (You acquired it on level 4 of the Dungeon)

   [amulet of guardian spirit]

   Spirit:    It causes incoming damage to be divided between your reserves of
   health and magic.
   rPois:     It protects you from poison Will+: It increases your willpower.
   Regen+:    It increases your rate of health regeneration.
   rCorr:     It protects you from acid and corrosion.
 r - a ring of flight (left hand)
 y - a ring of see invisible
 B - a ring of Bogim {rF+ Will- rCorr Int+4 Dex+3}
   (You found it in a Gauntlet)

   [ring of protection from fire]

   Int+4:     It affects your intelligence (+4).
   Dex+3:     It affects your dexterity (+3).
   rF+:       It protects you from fire.
   Will-:     It decreases your willpower.
   rCorr:     It protects you from acid and corrosion.
Wands
 c - a wand of iceblast (4)
 t - a wand of mindburst (18)
 z - a wand of flame (17) (quivered)
Scrolls
 f - 3 scrolls of poison
 i - a scroll of silence
 j - 2 scrolls of teleportation
 l - a scroll of fog
Potions
 e - a potion of ambrosia {unknown}
 g - 2 potions of mutation
 k - 6 potions of curing
 n - 3 potions of magic
 v - 2 potions of enlightenment
 w - 2 potions of lignification
 D - a potion of cancellation {unknown}


   Skills:
 * Level 9.6(14.6) Fighting
 - Level 18.0(23.0) Axes
 + Level 7.2(12.2) Armour
 + Level 8.0(13.0) Shields
 - Level 8.0 Invocations


You had 11 spell levels left.
You didn't know any spells.
Your spell library contained the following spells:

 Spells                   Type           Power      Damage    Failure   Level
 Apportation              Tloc           0%         N/A       94%         1
 Cigotuvi's Dreadful Rot  Necr/Pois/Air  0%         N/A       98%         2
 Jinxbite                 Hex            0%         N/A       98%         2
 Dazzling Flash           Conj/Hex       0%         N/A       100%        3
 Ignite Poison            Fire/Tmut/Pois 0%         N/A       100%        3
 Agony                    Necr           0%         N/A       100%        5
 Alistair's Intoxication  Tmut/Pois      0%         N/A       100%        5
 Freezing Cloud           Conj/Ice/Air   0%         6-21      100%        5
 Silence                  Hex/Air        0%         N/A       100%        5
 Summon Small Mammal      Summ           Unusable   N/A       N/A         1
 Call Canine Familiar     Summ           Unusable   N/A       N/A         3
 Summon Guardian Golem    Hex/Summ       Unusable   N/A       N/A         3

Dungeon Overview and Level Annotations

Branches:
Dungeon (11/15)            Temple (1/1) D:5            Lair (0/5) D:9
    Orc (0/2) D:11        Gauntlet (1/1)

Altars:
Ashenzari
Cheibriados
Dithmenos
Elyvilon
Fedhas
Gozag
Hepliaklqana
Kikubaaqudgha
Makhleb
Nemelex Xobeh
Okawaru
Qazlal
Ru
Sif Muna
Trog
Uskayaw
Vehumet
Wu Jian
Xom
Yredelemnul
Zin
The Shining One

Shops:
D:3 [   D:7 [   D:10 =[((

Annotations:
D:7 3 runed translucent doors, Shayle's ghost, novice OgSh; Xavori's ghost, novice OpCK; cforsyth's ghost, novice DjCK; samgaumpmail's ghost, novice TrMo Gauntlet 12 transporters, 21 runed translucent doors


Innate Abilities, Weirdness & Mutations

You have a pair of horns on your head.
You reflexively headbutt those who attack you in melee.


Message History

You reach down and open the door.
A minotaur comes into view.
It is wielding the +11 war axe "Goblinbane" {flame, rC+ Str+3}, wearing the ring of the Soft God {Fly rC+ rN+ Will+} and quivering silver javelins.
The minotaur bellows!
Found four items.
You gain the combat prowess of a mighty hero.
Found a gate leading back out of this place.
You block the minotaur's attack. The minotaur gores you.
There is an open door here.
You slice the minotaur!! Your headbutt misses the minotaur.
The minotaur is moderately wounded.
The minotaur hits you with the +11 war axe "Goblinbane" {flame, rC+ Str+3}!!
The minotaur burns you. The minotaur closely misses you.
You slice the minotaur!!
The minotaur is heavily wounded.
You hit the minotaur.
The minotaur is heavily wounded.
The minotaur hits you with the +11 war axe "Goblinbane" {flame, rC+ Str+3}!!
The minotaur burns you. You block the minotaur's attack.
You barely miss the minotaur.
The minotaur is heavily wounded.
The minotaur hits you with the +11 war axe "Goblinbane" {flame, rC+ Str+3}!
The minotaur burns you. You block the minotaur's attack.
You closely miss the minotaur.
The minotaur furiously retaliates!
The minotaur headbutts you!
The minotaur is heavily wounded.
The minotaur hits you with the +11 war axe "Goblinbane" {flame, rC+ Str+3}!
* * * LOW HITPOINT WARNING * * *
The minotaur burns you.
* * * LOW HITPOINT WARNING * * *
You block the minotaur's attack.
Okay, then.
You hit the minotaur but do no damage.
The minotaur is heavily wounded.
You closely miss the minotaur.
The minotaur furiously retaliates!
The minotaur headbutts you!
* * * LOW HITPOINT WARNING * * *
Your headbutt misses the minotaur.
The minotaur is heavily wounded.
The minotaur hits you with the +11 war axe "Goblinbane" {flame, rC+ Str+3}!!
You die...

#8∩8# #?.:# #8.8# ####[.?####
###8.#8.8#.8### #....#...#....#
#.#..#8H8#..#.# #.#..##@##..#.#
#.............# #.#.##.#.##.#.#
#.#....#....#.#
###.#.#######.#.###
#≈...............≈# ###
####8..©.©.©.©.©.©..8#### ### #8#
#8##§...............≈##8# #8#
#################################


You could see a minotaur.

Vanquished Creatures
  Harold (D:9)
  A two-headed ogre (D:10)
  6 death yaks (Gauntlet)
  Lodul (D:10)
  A sixfirhy (D:10)
  Pikel (D:6)
  2 necromancers (Gauntlet)
  A manticore (D:11)
  A cyclops (D:10)
  Joseph (D:9)
  An elephant (D:9)
  Jeremiah (D:9)
  2 unseen horrors (D:11)
  3 trolls
  2 hornets (D:9)
  A raiju (Gauntlet)
  A wyvern (D:10)
  A shadow (D:9)
  A vampire (D:10)
  5 yaks
  A basilisk (D:9)
  2 steam dragons
  An acid dragon (D:10)
  4 water moccasins
  6 orc warriors
  2 ice beasts (D:5)
  A black bear (D:9)
  3 sky beasts
  9 ogres
  4 wolves (Gauntlet)
  5 centaurs
  3 kobold brigands
  Blork the orc (D:4)
  6 bullfrogs
  4 necrophages (D:4)
  5 scorpions
  8 wights (D:9)
  15 killer bees
  2 electric eels (D:9)
  2 howler monkeys
  A hound (D:6)
  6 orc priests
  A jelly (D:6)
  A gnoll bouda (D:7)
  Natasha (thrice) (D:2)
  3 scorpion zombies (D:4)
  4 iguanas
  7 orc wizards
  4 adders
  A shadow imp (D:7)
  An adder zombie (D:4)
  22 orcs
  4 bats
  8 endoplasms
  3 giant cockroaches
  6 goblins
  4 hobgoblins
  7 jackals
  19 kobolds
  4 quokkas
  4 ball pythons
  3 frilled lizards
  3 rats (D:1)
237 creatures vanquished.

Notes
Turn   | Place    | Note
-------+----------+-------------------------------------------
     0 | D:1      | bmack86 the Minotaur Fighter began the quest for the Orb.
     0 | D:1      | Reached XP level 1. HP: 19/19 MP: 0/0
   217 | D:1      | Reached XP level 2. HP: 25/26 MP: 1/1
   732 | D:2      | Identified the +1 helmet "Weubel" {rC+ Will- Int+4 Slay-3}
   776 | D:2      | Reached skill level 3 in Axes
  1165 | D:2      | Reached XP level 3. HP: 31/31 MP: 2/2
  1276 | D:2      | Found a faded altar of an unknown god.
  1340 | D:2      | Noticed Natasha
  1349 | D:2      | Killed Natasha
  1350 | D:2      | Reached skill level 4 in Axes
  1350 | D:2      | Reached skill level 5 in Shields
  1350 | D:2      | Reached XP level 4. HP: 27/39 MP: 3/3
  1534 | D:2      | Noticed Natasha
  1540 | D:2      | Killed Natasha
  1552 | D:2      | Noticed Natasha
  1556 | D:2      | Killed Natasha
  1557 | D:2      | Reached skill level 5 in Axes
  1731 | D:3      | Found an ancient bone altar of Kikubaaqudgha.
  1795 | D:3      | Found an iron altar of Okawaru.
  1804 | D:3      | Became a worshipper of Warmaster Okawaru
  1858 | D:3      | Found a broken altar of Ashenzari.
  1880 | D:3      | Found Erhownepn's Armour Emporium.
  1880 | D:3      | Noticed an animated plate armour
  1881 | D:3      | Noticed an animated crystal plate armour
  1892 | D:3      | Bought a +0 pair of boots for 49 gold pieces
  2067 | D:3      | Found a basalt altar of Yredelemnul.
  2226 | D:4      | Noticed a scorpion
  2231 | D:4      | Killed a scorpion
  2232 | D:4      | Reached skill level 1 in Invocations
  2232 | D:4      | Reached XP level 5. HP: 41/45 MP: 4/4
  2236 | D:4      | Reached skill level 6 in Axes
  2306 | D:4      | Found an ornate altar of the Wu Jian Council.
  2393 | D:4      | Identified a scroll of acquirement
  2396 | D:4      | Acquired the amulet of Waqo {Spirit rPois Will+ Regen+
                  | rCorr}
  2522 | D:4      | Found a glowing golden altar of the Shining One.
  2630 | D:4      | Reached XP level 6. HP: 49/51 MP: 4/6
  2637 | D:4      | Reached * piety under Okawaru
  2678 | D:4      | Found a hide-covered altar of Uskayaw.
  2678 | D:4      | Noticed a +0 hand axe
  2678 | D:4      | Noticed a +0 dagger
  2957 | D:4      | Noticed Blork the orc
  2966 | D:4      | Killed Blork the orc
  2967 | D:4      | Reached skill level 7 in Axes
  3098 | D:4      | Found a blossoming altar of Fedhas.
  3149 | D:4      | Reached XP level 7. HP: 52/56 MP: 6/8
  3156 | D:4      | Reached skill level 8 in Axes
  3170 | D:4      | Reached ** piety under Okawaru
  3422 | D:5      | Entered Level 5 of the Dungeon
  3590 | D:5      | Reached skill level 9 in Axes
  3601 | D:5      | Reached XP level 8. HP: 20/64 MP: 2/10
  3666 | D:5      | Reached skill level 10 in Axes
  3694 | D:5      | Found a staircase to the Ecumenical Temple.
  3852 | Temple   | Entered the Ecumenical Temple
  3986 | D:5      | Reached skill level 5 in Invocations
  4011 | D:5      | Found a white marble altar of Elyvilon.
  4271 | D:6      | Reached skill level 11 in Axes
  4301 | D:6      | Reached *** piety under Okawaru
  4544 | D:6      | Noticed Pikel
  4550 | D:6      | Killed Pikel
  4551 | D:6      | Reached XP level 9. HP: 68/70 MP: 10/12
  4641 | D:6      | Reached skill level 12 in Axes
  4850 | D:6      | Found a radiant altar of Vehumet.
  5048 | D:7      | Found a hazy altar of Hepliaklqana.
  5127 | D:7      | Found a sacrificial altar of Ru.
  5130 | D:7      | Found a snail-covered altar of Cheibriados.
  5130 | D:7      | Found a glowing silver altar of Zin.
  5132 | D:7      | Found a stormy altar of Qazlal.
  5132 | D:7      | Found a shimmering altar of Xom.
  5132 | D:7      | Found a sparkling altar of Nemelex Xobeh.
  5200 | D:7      | Found a runed translucent gate.
  5200 | D:7      | Found a runed translucent gate.
  5201 | D:7      | Found Pyati's Armour Shop.
  5207 | D:7      | Found a runed translucent gate.
  5212 | D:7      | Bought a +0 pair of gloves of hurling for 126 gold pieces
  5223 | D:7      | Noticed samgaumpmail's ghost (novice TrMo)
  5223 | D:7      | Noticed Xavori's ghost (novice OpCK)
  5224 | D:7      | Noticed Shayle's ghost (novice OgSh)
  5224 | D:7      | Noticed cforsyth's ghost (novice DjCK)
  5443 | D:7      | Reached skill level 13 in Axes
  5486 | D:7      | Found a stormy altar of Qazlal.
  5491 | D:7      | Reached **** piety under Okawaru
  6163 | D:8      | Reached XP level 10. HP: 77/77 MP: 14/14
  6353 | D:9      | Reached skill level 14 in Axes
  6389 | D:9      | Noticed Harold
  6406 | D:9      | Killed Harold
  6406 | D:9      | Reached ***** piety under Okawaru
  6407 | D:9      | Reached skill level 15 in Axes
  6481 | D:9      | Found a glowing silver altar of Zin.
  6551 | D:9      | Noticed an elephant
  6572 | D:9      | Killed an elephant
  6589 | D:9      | Found a staircase to the Lair.
  6647 | D:9      | Reached skill level 16 in Axes
  6863 | D:9      | Noticed Joseph
  6891 | D:9      | Killed Joseph
  6891 | D:9      | Received a gift from Okawaru
  6891 | D:9      | Found the +3 warlock's mirror {omnireflect}
  6920 | D:9      | Noticed Jeremiah
  7087 | D:9      | Killed Jeremiah
  7183 | D:9      | Reached skill level 17 in Axes
  7246 | D:9      | Found a sacrificial altar of Ru.
  7736 | D:10     | Entered Level 10 of the Dungeon
  7751 | D:10     | Noticed a cyclops
  7766 | D:10     | Killed a cyclops
  7767 | D:10     | Reached XP level 11. HP: 66/77 MP: 14/16
  7881 | D:10     | Noticed a two-headed ogre
  7889 | D:10     | Killed a two-headed ogre
  7895 | D:10     | Noticed Lodul
  7910 | D:10     | Killed Lodul
  7911 | D:10     | Reached skill level 18 in Axes
  7965 | D:10     | Found a runed translucent door.
  7968 | D:10     | Found a burning altar of Makhleb.
  7968 | D:10     | Noticed a sixfirhy
  7974 | D:10     | Killed a sixfirhy
  8004 | D:10     | Found Atupetynk's Weapon Boutique.
  8089 | D:10     | Reached skill level 5 in Fighting
  8089 | D:10     | Found Ziunk's Antique Armour Boutique.
  8212 | D:10     | Bought a glowing cloak for 180 gold pieces
  8273 | D:10     | Found Zauhizu's Jewellery Emporium.
  8277 | D:10     | Bought the ring "Heso" {rElec rPois Str+2 Dex+3} for 667
                  | gold pieces
  8490 | D:10     | Found Zeffefao's Weapon Boutique.
  8685 | D:11     | Reached skill level 5 in Armour
  8823 | D:11     | Found a staircase to the Orcish Mines.
  8832 | D:11     | Found a gate leading to a gauntlet.
  8841 | Gauntlet | Entered a Gauntlet
  8841 | Gauntlet | Found a transporter.
  8852 | Gauntlet | Found a transporter.
  8871 | Gauntlet | Found a transporter.
  8893 | Gauntlet | Noticed a reaper
  8896 | Gauntlet | Found a transporter.
  8908 | Gauntlet | Noticed a death yak
  8912 | Gauntlet | Noticed a death yak
  8912 | Gauntlet | Noticed a death yak
  8912 | Gauntlet | Noticed a death yak
  8913 | Gauntlet | Noticed a death yak
  8913 | Gauntlet | Noticed a death yak
  8914 | Gauntlet | Found a transporter.
  8934 | Gauntlet | Found a transporter.
  8942 | Gauntlet | Found a large runed translucent door.
  8943 | Gauntlet | Found a large runed translucent door.
  8944 | Gauntlet | Found a large runed translucent door.
  8944 | Gauntlet | Found a large runed translucent door.
  8945 | Gauntlet | Found a runed translucent gate.
  8946 | Gauntlet | Found a transporter.
  8946 | Gauntlet | Found a runed translucent gate.
  8947 | Gauntlet | Found a runed translucent gate.
  8948 | Gauntlet | Found a large runed translucent door.
  8948 | Gauntlet | Found a large runed translucent door.
  8949 | Gauntlet | Found a large runed translucent door.
  8950 | Gauntlet | Found a large runed translucent door.
  8956 | Gauntlet | Noticed a hell beast
  8958 | Gauntlet | Found a transporter.
  8970 | Gauntlet | Found a transporter.
  8978 | Gauntlet | Noticed a death yak
  8979 | Gauntlet | Noticed a death yak
  8980 | Gauntlet | Noticed a death yak
  8981 | Gauntlet | Noticed a death yak
  8981 | Gauntlet | Noticed a death yak
  8982 | Gauntlet | Found a transporter.
  8982 | Gauntlet | Noticed a death yak
  8983 | Gauntlet | Noticed a necromancer
  9000 | Gauntlet | Found a transporter.
  9020 | Gauntlet | Found a transporter.
  9022 | Gauntlet | Found a transporter.
  9022 | Gauntlet | Noticed a necromancer
  9056 | Gauntlet | Found a transporter.
  9058 | Gauntlet | Found a transporter.
  9059 | Gauntlet | Found a transporter.
  9088 | Gauntlet | Found a transporter.
  9090 | Gauntlet | Found a transporter.
  9092 | Gauntlet | Found a large runed translucent door.
  9092 | Gauntlet | Found a large runed translucent door.
  9093 | Gauntlet | Found a large runed translucent door.
  9093 | Gauntlet | Found a large runed translucent door.
  9521 | Gauntlet | Found a large runed translucent door.
  9521 | Gauntlet | Found a large runed translucent door.
  9521 | Gauntlet | Found a runed translucent door.
  9521 | Gauntlet | Found a runed translucent door.
  9543 | Gauntlet | Found a large runed translucent door.
  9544 | Gauntlet | Found a large runed translucent door.
  9622 | Gauntlet | Killed a necromancer
  9622 | Gauntlet | Received a gift from Okawaru
  9705 | Gauntlet | Killed a death yak
  9706 | Gauntlet | Killed a death yak
  9707 | Gauntlet | Reached XP level 12. HP: 73/103 MP: 8/17
  9712 | Gauntlet | Killed a death yak
  9725 | Gauntlet | Killed a death yak
  9729 | Gauntlet | Killed a death yak
  9734 | Gauntlet | Killed a death yak
  9734 | Gauntlet | Identified the +1 broad axe of the Swamp {spect, Str+2
                  | Int+3} (Okawaru gifted it to you in a Gauntlet)
  9734 | Gauntlet | Received a gift from Okawaru
  9756 | Gauntlet | Identified a ring of Bogim {rF+ Will- rCorr Int+4 Dex+3}
  9852 | Gauntlet | Identified the +11 war axe "Goblinbane" {flame, rC+ Str+3}
  9852 | Gauntlet | Identified the ring of the Soft God {Fly rC+ rN+ Will+}
  9852 | Gauntlet | Noticed a minotaur
  9861 | Gauntlet | Demolished by a minotaur

Illustrated notes

Levels and vault maps discovered:
D:1:      eino_arrival_water_star, layout_loops_ring
D:2:      layout_basic, shapermc_ecumenical_altar_mp_urbaneastern, uniq_natasha
D:3:      layout_basic, nicolae_overflow_crystal_walls, marbit_many_paths,
          mainiacjoe_overflow_24_doors, mainiacjoe_overflow_paths, serial_shops,
          nicolae_shop_mannequins
D:4:      layout_layer_cave, dancing_weapons_uskayaw,
          mainiacjoe_overflow_small_starburst, overflow_temple_1_default,
          fedhas_altar_decomposition, uniq_blork_the_orc
D:5:      layout_basic, amcnicky_altar_gilded, minmay_temple_entry_junction
D:6:      layout_cave_pods, nicolae_overflow_hidden_temple,
          kennysheep_generic_room_2, uniq_pikel
D:7:      layout_rooms, doesnt_xom_only_xom, lemuel_coloured_pillars_altar,
          mainiacjoe_overflow_catwalk, serial_shops, shop,
          gammafunk_ghost_cemetery, kennysheep_generic_room_8
D:8:      layout_gridville, minivault_11, kennysheep_boxes
D:9:      layout_basic, nicolae_ru_the_path_less_chosen,
          mainiacjoe_overflow_six_doors_small, david_lair_generic,
          serial_bayou_lagoon_a, st_stairs_1, uniq_jeremiah, uniq_harold,
          uniq_joseph
D:10:     layout_big_octagon, nzn_makhleb_speed_demon, serial_shops, shop,
          nicolae_shop_rolling_square, nicolae_shop_bloodbath_and_beyond,
          nicolae_shop_back_alley_shop, grunt_ministairs_3, dk_rats_in_the_wall,
          uniq_lodul
D:11:     layout_cave_pools, orc_0_dummy, gauntlet_entry_generic, st_stairs_4,
          uniq_fannar
Temple:   hellmonk_temple_rainy
Gauntlet: gammafunk_gauntlet_one_two_three [gammafunk_gauntlet_arena_chambers,
          nicolae_gauntlet_arena_quarters, nicolae_gauntlet_swirl,
          nicolae_gauntlet_arena_t_cross, nicolae_gauntlet_arena_blocks,
          minmay_gauntlet_arena_make_your_own_arena,
          gammafunk_gauntlet_arena_hedges, gammafunk_gauntlet_arena_grid,
          gammafunk_gauntlet_arena_teeth,
          nicolae_gauntlet_exit_dead_adventurers]

Skill      XL: |  1  2  3  4  5  6  7  8  9 10 11 12 |
---------------+-------------------------------------+-----
Shields        | 4 5 7 8 |  8.0
Axes           | 3 4 5 6 7 9 11 13 17 18 | 18.0
Invocations    | 1 3 4 6 7 8 |  8.0
Fighting       | 8 9 |  9.6
Armour         | 6 7 |  7.2

Action                     |  1- 3 |  4- 6 |  7- 9 | 10-12 || total
---------------------------+-------+-------+-------+-------++-------
  Melee: War axe           |    50 |   107 |   197 |   405 ||   759
         Headbutt          |     8 |    25 |    37 |    93 ||   163
         Broad axe         |       |       |       |     7 ||     7
 Invoke: Heroism           |       |       |     2 |     6 ||     8
         Finesse           |       |       |       |     1 ||     1
  Evoke: Wand              |       |       |     1 |     4 ||     5
    Use: Scroll            |       |     7 |     9 |     6 ||    22
         Potion            |       |     1 |       |       ||     1
 Armour: Scale mail        |    10 |       |       |       ||    10
         Chain mail        |    34 |    58 |   230 |    26 ||   348
         Plate armour      |       |       |       |   250 ||   250
  Dodge: Dodged            |    29 |    38 |    97 |    91 ||   255
  Block: Buckler           |    20 |    11 |    62 |   114 ||   207
         Reflection        |       |       |       |    11 ||    11

Table legend: (Time is in decaauts)
 A = Elapsed time spent in this place.
 B = Non-inter-level travel time spent in this place.
 C = Inter-level travel time spent in this place.
 D = Time resting spent in this place.
 E = Time spent auto-exploring this place.
 F = Levels seen in this place.
 G = Mean time per level.
                   A        B        C        D        E       F      G
               +--------+--------+--------+--------+--------+-----+--------+
         Total |   9767 |   9446 |    321 |    116 |   6092 |  13 |  751.3 |
       Dungeon |   8779 |   8458 |    321 |     75 |   6092 |  11 |  798.1 |
        Temple |      1 |      1 |      0 |      0 |      0 |   1 |    1.0 |
      Gauntlet |    986 |    986 |      0 |     41 |      0 |   1 |  986.0 |
               +--------+--------+--------+--------+--------+-----+--------+

Top non-repeatable levels by time:
     D:9: 1362 daAuts
     D:4: 1229 daAuts
     D:2: 1008 daAuts
Gauntlet: 986 daAuts
    D:10: 906 daAuts
     D:6: 874 daAuts
     D:1: 737 daAuts
     D:8: 737 daAuts
     D:5: 722 daAuts
     D:7: 544 daAuts
     D:3: 498 daAuts
    D:11: 157 daAuts
  Temple: 1 daAuts
